 Dungeon Crawl Stone Soup version 0.30-a0-772-g5528072125 (webtiles) character file.

Game seed: 3530059422528300725

2033 pokeman the Thaumaturge (level 9, -1/48 HPs)
             Began as a Deep Elf Hedge Wizard on Feb 12, 2023.
             Was a Follower of Vehumet.
             Killed from afar by a white imp (6 damage)
             ... with a puff of frost
             ... on level 8 of the Dungeon.
             The game lasted 00:16:59 (7087 turns).

pokeman the Thaumaturge (Deep Elf Hedge Wizard)     Turns: 7087, Time: 00:16:59

Health: -1/48      AC:  5    Str:  7    XL:     9   Next: 3%
Magic:  2/25       EV: 13    Int: 24    God:    Vehumet [*.....]
Gold:   20         SH:  0    Dex: 14    Spells: 17/29 levels left

rFire   . . .      SeeInvis .    s - +2 whip (venom)
rCold   . . .      Faith    .    (no shield)
rNeg    . . .      Spirit   .    b - +0 robe
rPois   .          Reflect  .    C - +0 helmet
rElec   .          Harm     .    f - +0 cloak
rCorr   .          Rampage  .    z - +0 pair of gloves
Will    .....                    (no boots)
Stlth   ++                       (no amulet)
HPRegen 0.28/turn                i - ring of flight
MPRegen 0.19/turn                B - ring of wizardry

@: on blink cooldown, flying
A: no striking features
a: Renounce Religion


You were on level 8 of the Dungeon.
You worshipped Vehumet.
Vehumet was aware of your devotion.
You visited 2 branches of the dungeon, and saw 9 of its levels.

You collected 377 gold pieces.
You spent 357 gold pieces at shops.

Inventory:

Hand Weapons
 s - a +2 whip of venom (weapon)
Missiles
 y - 2 throwing nets
Armour
 b - a +0 robe (worn)
 f - a +0 cloak (worn)
 z - a +0 pair of gloves (worn)
 A - the +1 ring mail of Tafiffocav {rC+}
   (You found it on level 6 of the Dungeon)

   rC:        It protects you from cold.
 C - a +0 helmet (worn)
 G - a +1 buckler of positive energy
Magical Staves
 a - a staff of poison
Jewellery
 i - a ring of flight (left hand)
 B - a ring of wizardry (right hand)
Wands
 u - a wand of iceblast (5)
 E - a wand of flame (5)
Scrolls
 e - 5 scrolls of teleportation
 j - 4 scrolls of magic mapping
 k - 2 scrolls of fear
 m - 2 scrolls of identify
 n - 2 scrolls of vulnerability
 q - a scroll of summoning
 r - 2 scrolls of amnesia
 D - a scroll of enchant weapon {unknown}
 F - a scroll of enchant armour {unknown}
Potions
 c - 2 potions of berserk rage {unknown}
 d - a potion of magic
 g - 2 potions of attraction
 h - 5 potions of mutation
 l - 3 potions of haste
 o - 3 potions of heal wounds
 p - a potion of resistance
 t - 2 potions of flight
 v - 2 potions of lignification
 w - 3 potions of curing
 x - 2 potions of brilliance


   Skills:
 - Level 2.0 Fighting
 + Level 2.8 Armour
 - Level 3.0 Dodging
 - Level 3.1 Stealth
 * Level 10.7 Spellcasting
 + Level 5.8 Conjurations
 - Level 2.0 Summonings
 - Level 1.1 Translocations
 + Level 3.6 Fire Magic
 - Level 2.0 Air Magic
 - Level 2.2 Poison Magic
 - Level 1.0 Evocations


You had 17 spell levels left.
You knew the following spells:

 Your Spells              Type           Power      Damage    Failure   Level
a - Magic Dart            Conj           100%       1d8       1%          1
b - Mephitic Cloud        Conj/Pois/Air  29%        N/A       1%          3
c - Call Imp              Summ           22%        N/A       1%          2
d - Blink                 Tloc           36%        N/A       1%          2
e - Flame Wave            Conj/Fire      35%        2d10      2%          4

Your spell library contained the following spells:

 Spells                   Type           Power      Damage    Failure   Level
 Kiss of Death            Conj/Necr      100%       2d13      1%          1
 Slow                     Hex            48%        N/A       1%          1
 Cigotuvi's Dreadful Rot  Necr/Pois/Air  38%        N/A       1%          2
 Scorch                   Fire           60%        2d8       1%          2
 Inner Flame              Hex/Fire       21%        N/A       2%          3
 Sticky Flame             Conj/Fire      35%        2d5       2%          4
 Airstrike                Air            11%        2d(2-18)  9%          4
 Summon Lightning Spire   Summ/Air       22%        N/A       9%          4
 Lightning Bolt           Conj/Air       15%        1d29      11%         5
 Passage of Golubria      Tloc           18%        N/A       12%         4
 Silence                  Hex/Air        8%         N/A       32%         5
 Summon Cactus Giant      Summ           11%        N/A       75%         6
 Lehudib's Crystal Spear  Conj/Erth      13%        10d4      100%        8


Dungeon Overview and Level Annotations

Branches:
Dungeon (8/15)             Temple (1/1) D:5
   Lair: D:8-11

Altars:
Ashenzari
Cheibriados
Dithmenos
Gozag
Kikubaaqudgha
Makhleb
Nemelex Xobeh
Okawaru
Qazlal
Ru
Sif Muna
Trog
Uskayaw
Vehumet
Xom
Zin
The Shining One

Shops:
D:5 ![=[*   D:8 *


Message History

Confirm with . or Enter, or press ? or * to list all spells.
Aiming: Mephitic Cloud (safe; 1% risk of failure)
Press: ? - help, Shift-Dir - straight line, f/p - steam dragon
Aim: a steam dragon (chance to affect: 81%) That beam is likely to hit you.
Continue anyway?
The ball explodes into a vile cloud!
The stinking cloud engulfs the steam dragon but does no damage.
The stinking cloud engulfs you but does no damage.
You are engulfed in noxious fumes.
You choke on the stench!
You are confused.
The orc completely misses you.
The steam dragon is engulfed in noxious fumes.
The steam dragon appears confused.
Unknown command.
Unknown command.
You are engulfed in noxious fumes.
You choke on the stench!
You are more confused.
The orc hits you with a +0 mace.
* * * LOW HITPOINT WARNING * * *
The steam dragon is engulfed in noxious fumes.
The steam dragon appears confused.
Things that are here:
a +0 club; a +0 dagger; a +0 robe You're too confused to move!
You are engulfed in noxious fumes.
The orc hits you with a +0 mace.
* * * LOW HITPOINT WARNING * * *
The orc attacks as you move away! The orc hits you but does no damage.
You feel less confused. The white imp gestures at you.
The puff of frost hits you.
* * * LOW HITPOINT WARNING * * *
The steam dragon is engulfed in noxious fumes.
The steam dragon appears confused.
The steam dragon bites the orc.
The steam dragon barely misses the orc.
Casting: Mephitic Cloud (safe; 1% risk of failure)
Confirm with . or Enter, or press ? or * to list all spells.
You blink.
The white imp gestures at you. The puff of frost hits you.
You die...

..# #.# ###.# ### ..#.#
##### ##.# ###.#.#
#####...###... # ...#.#
#........#.... #.####
#..#.# #.##.#.....[.. ...#
#..#@###.##.....#....
#.####.§5............<....
#)).))°D....#.###.####†#..
........####°.°.#.#.# #.#
#.### ....{)#.# #..###.#.#
#.# #.# ####..#.# #..#
#.#.# #.# #.# #. #.#
#..###)#.# #.# #.# #. #.#
#..##....# #.# #.# # #.#
#..#...))# #.# #..


You could see a steam dragon (confused) and a white imp.

Vanquished Creatures
  Prince Ribbit (D:6)
  A wyvern (D:8)
  Eustachio (D:4)
  A water moccasin (D:7)
  Duvessa (D:4)
  A sky beast (D:6)
  A black bear (D:3)
  An ogre (D:5)
  A centaur (D:5)
  A phantom (D:5)
  A bullfrog (D:7)
  A scorpion (D:7)
  A jelly (D:7)
  Dowan (D:4)
  A howler monkey (D:5)
  An orc priest (D:5)
  2 hounds (D:6)
  2 gnoll boudas
  3 iguanas
  3 orc wizards
  3 gnolls (D:8)
  7 adders
  A shadow imp (D:8)
  2 white imps
  2 ufetubi (D:5)
  2 worms
  2 dart slugs
  22 orcs
  7 ball pythons
  5 endoplasms
  7 goblins
  5 hobgoblins
  9 jackals
  2 quokkas
  3 bats
  3 frilled lizards
  A kobold (D:3)
  5 rats
114 creatures vanquished.

Vanquished Creatures (collateral kills)
  An orc warrior (D:8)
  An orc priest (D:8)
  A worm (D:3)
  An orc (D:8)
  A giant cockroach (D:3)
5 creatures vanquished.

Grand Total: 119 creatures vanquished

Notes
Turn   | Place    | Note
-------+----------+-------------------------------------------
     0 | D:1      | pokeman the Deep Elf Hedge Wizard began the quest for the
                  | Orb.
     0 | D:1      | Reached XP level 1. HP: 10/10 MP: 7/7
   370 | D:1      | Reached XP level 2. HP: 16/16 MP: 6/9
   583 | D:1      | Found a faded altar of an unknown god.
  1246 | D:2      | Reached skill level 5 in Spellcasting
  1427 | D:2      | Reached XP level 3. HP: 20/20 MP: 2/11
  1431 | D:2      | Learned a level 3 spell: Mephitic Cloud
  1434 | D:2      | Learned a level 2 spell: Call Imp
  1437 | D:2      | Learned a level 2 spell: Blink
  2037 | D:3      | Reached skill level 1 in Fighting
  2121 | D:3      | Reached skill level 1 in Armour
  2564 | D:3      | Noticed a black bear
  2582 | D:3      | Killed a black bear
  2583 | D:3      | Reached skill level 6 in Spellcasting
  2583 | D:3      | Reached XP level 4. HP: 17/25 MP: 3/14
  2583 | D:3      | Reached XP level 5. HP: 19/29 MP: 3/15
  2710 | D:3      | Found a sparkling altar of Nemelex Xobeh.
  2963 | D:3      | Found a broken altar of Ashenzari.
  3239 | D:3      | Found a burning altar of Makhleb.
  3293 | D:4      | Noticed Duvessa
  3293 | D:4      | Noticed Dowan
  3313 | D:4      | Killed Duvessa
  3314 | D:4      | Reached skill level 1 in Air Magic
  3314 | D:4      | Reached skill level 1 in Poison Magic
  3314 | D:4      | Reached XP level 6. HP: 8/34 MP: 8/17
  3314 | D:4      | Killed Dowan
  3315 | D:4      | Reached skill level 7 in Spellcasting
  3619 | D:4      | Noticed Eustachio
  3640 | D:4      | Killed Eustachio
  3830 | D:4      | Reached XP level 7. HP: 31/38 MP: 17/20
  3859 | D:4      | Found a sacrificial altar of Ru.
  4053 | D:5      | Entered Level 5 of the Dungeon
  4060 | D:5      | Found a shimmering blue altar of Sif Muna.
  4076 | D:5      | Reached skill level 1 in Evocations
  4177 | D:5      | Reached skill level 8 in Spellcasting
  4212 | D:5      | Found a shimmering altar of Xom.
  4230 | D:5      | Found Tuneecso's Distillery.
  4236 | D:5      | Bought a potion of curing for 30 gold pieces
  4236 | D:5      | Bought a potion of curing for 30 gold pieces
  4236 | D:5      | Bought a potion of mutation for 80 gold pieces
  4236 | D:5      | Bought a potion of degeneration for 10 gold pieces
  4460 | D:5      | Found a staircase to the Ecumenical Temple.
  4465 | Temple   | Entered the Ecumenical Temple
  4552 | Temple   | Became a worshipper of Vehumet
  4566 | D:5      | Found Qiepa's General Store.
  4574 | D:5      | Learned a level 4 spell: Flame Wave
  4596 | D:5      | Bought a scroll of identify for 26 gold pieces
  4616 | D:5      | Found Seefus's Armour Boutique.
  4627 | D:5      | Bought a potion of lignification for 39 gold pieces
  4636 | D:5      | Found Xaunn's Jewellery Shop.
  4693 | D:5      | Found Joloex's Antique Armour Boutique.
  4731 | D:5      | Found a glowing golden altar of the Shining One.
  5267 | D:6      | Found an iron altar of Okawaru.
  5270 | D:6      | Noticed Prince Ribbit
  5278 | D:6      | Killed Prince Ribbit
  5279 | D:6      | Reached skill level 9 in Spellcasting
  5279 | D:6      | Reached skill level 1 in Fire Magic
  5279 | D:6      | Reached XP level 8. HP: 44/44 MP: 18/23
  5420 | D:6      | Identified the +1 ring mail of Tafiffocav {rC+}
  5892 | D:7      | Reached skill level 5 in Conjurations
  6160 | D:7      | Found an opulent altar of Gozag.
  6311 | D:7      | Reached skill level 10 in Spellcasting
  6690 | D:8      | Reached * piety under Vehumet
  6690 | D:8      | Offered knowledge of Kiss of Death by Vehumet.
  6746 | D:8      | Found Lyumuol's Assorted Antiques.
  6838 | D:5      | Bought a runed buckler for 142 gold pieces
  7042 | D:8      | Reached XP level 9. HP: 27/48 MP: 17/25
  7087 | D:8      | Killed from afar by a white imp

Illustrated notes

Levels and vault maps discovered:
D:1:      dpeg_arrival_houses_and_road, layout_basic,
          shapermc_ecumenical_altar_acropolis, nicolae_eternal_life
D:2:      layout_rooms
D:3:      layout_basic, mainiacjoe_overflow_cross_hatched,
          overflow_temple_1_default, nemelex_diamond_rough_becter,
          minmay_misc_feat_cross
D:4:      layout_rooms, marbit_many_paths, minmay_misc_feat_secret_circle,
          uniq_eustachio, uniq_duvessa
D:5:      layout_loops_ring, kennysheep_mini, nicolae_sif_muna_condensation,
          mainiacjoe_overflow_six_doors_small, temple_statues, serial_shops,
          nicolae_shop_competitors_out_of_business, nicolae_shop_hallway_stairs,
          nicolae_shop_competitors_out_of_business, shop, nicolae_shop_trees,
          minmay_misc_feat_hallway
D:6:      layout_basic, lemuel_crystal_altar, uniq_prince_ribbit1
D:7:      layout_rooms, mainiacjoe_overflow_24_doors
D:8:      layout_loops_ring, yredelemnul_forgotten_temple_becter, serial_shops,
          shop
Temple:   hellmonk_temple_forest_ring

Skill      XL: |  1  2  3  4  5  6  7  8 |
---------------+-------------------------+-----
Spellcasting   | 5 6 7 9 10 | 10.7
Conjurations   | 2 3 4 5 |  5.8
Fighting       | 1 2 |  2.0
Armour         | 1 2 |  2.8
Dodging        | 3 |  3.0
Stealth        | 3 |  3.1
Air Magic      | 1 2 |  2.0
Poison Magic   | 1 2 |  2.2
Evocations     | 1 |  1.0
Summonings     | 2 |  2.0
Fire Magic     | 1 3 |  3.6
Translocations | |  1.1

Action                     |  1- 3 |  4- 6 |  7- 9 || total
---------------------------+-------+-------+-------++-------
  Melee: Dagger            |     5 |     8 |       ||    13
         Whip              |       |    22 |    89 ||   111
         Punch             |       |       |     2 ||     2
   Cast: Magic Dart        |   112 |    56 |    89 ||   257
         Call Imp          |     4 |     1 |     3 ||     8
         Mephitic Cloud    |     1 |     5 |    27 ||    33
         Blink             |       |     1 |     3 ||     4
         Flame Wave        |       |       |     3 ||     3
    Use: Scroll            |       |       |    12 ||    12
   Stab: Sleeping          |     1 |       |       ||     1
         Confused          |       |     5 |    13 ||    18
         Distracted        |       |     1 |       ||     1
 Armour: Robe              |     5 |     8 |    15 ||    28
  Dodge: Dodged            |    15 |    24 |    73 ||   112

Table legend: (Time is in decaauts)
 A = Elapsed time spent in this place.
 B = Non-inter-level travel time spent in this place.
 C = Inter-level travel time spent in this place.
 D = Time resting spent in this place.
 E = Time spent auto-exploring this place.
 F = Levels seen in this place.
 G = Mean time per level.
                   A        B        C        D        E       F      G
               +--------+--------+--------+--------+--------+-----+--------+
         Total |   7098 |   6804 |    294 |    123 |   5597 |   9 |  788.7 |
       Dungeon |   7002 |   6715 |    287 |    123 |   5526 |   8 |  875.2 |
        Temple |     95 |     88 |      7 |      0 |     71 |   1 |   95.0 |
               +--------+--------+--------+--------+--------+-----+--------+

Top non-repeatable levels by time:
     D:3: 1332 daAuts
     D:1: 1241 daAuts
     D:5: 1115 daAuts
     D:7: 805 daAuts
     D:4: 762 daAuts
     D:2: 718 daAuts
     D:6: 684 daAuts
     D:8: 342 daAuts
  Temple: 95 daAuts
